Map: Neon Violet Square LE

Players

smrndmuy - Winner!

  • Race: Zerg Zerg
  • League: Gold
  • Spawn Location: 11:00

Infamous

  • Race: Protoss Protoss
  • League: Silver
  • Spawn Location: 5:00

VOD

Have the link to the VOD?

Description

Time

  • Played on: March 20, 2018, 8:05 a.m.
  • Length: 13:45
Show
View Real Time Build Order
Export as new Build Order

smrndmuy Zerg - Winner!

Build Orders: Pool First 

Get SALT Encoding   

  12  0:02  Drone  
  13  0:13  Drone  
  14  0:27  Spawning Pool  
  13  0:31  Extractor  
  13  0:34  Drone  
  13  0:37  Drone  
  14  0:46  Overlord  
  14  1:04  Drone x2  
  16  1:22  Hatchery  
  15  1:30  Zergling x4  
  17  1:38  Drone  
  18  1:46  Metabolic Boost  
  18  1:59  Drone x2  
  20  2:10  Drone  
  21  2:17  Drone  
  22  2:35  Drone x3  
  25  2:40  Lair  
  25  2:49  Queen  
  27  2:52  Drone  
  27  2:56  Overlord  
  28  3:12  Hatchery  
  27  3:14  Zergling x2  
  27  3:15  Zergling x2  
  29  3:24  Queen  
  31  3:43  Overlord  
  31  3:44  Overlord x2  
  29  3:58  Zergling x2  
  29  3:59  Zergling x8  
  34  4:06  Evolution Chamber  
  34  4:07  Evolution Chamber  
  32  4:17  Queen x2  
  32  4:20  Drone  
  32  4:21  Drone x3  
  40  4:29  Drone x2  
  40  4:30  Drone  
  43  4:36  Zerg Melee Weapons Level 1  
  43  4:44  Zerg Ground Armor Level 1  
  43  4:46  Zergling x2  
  43  4:49  Drone  
  45  4:53  Drone x2  
  45  4:55  Drone  
  48  5:09  Drone x5  
  48  5:10  Drone x2  
  55  5:35  Zergling x20  
  62  5:41  Overlord  
  62  5:42  Overlord x2  
  65  6:01  Spire  
  64  6:14  Infestation Pit  
  63  6:28  Extractor  
  63  6:30  Extractor x2, Zerg Missile Weapons Level 1  
  60  6:32  Extractor  
  60  6:34  Extractor  
  60  6:35  Drone x2  
  60  6:36  Drone  
  60  6:38  Drone x3  
  64  6:40  Drone x3  
  67  6:48  Drone x2  
  67  6:50  Drone x2  
  71  7:05  Hive  
  69  7:26  Corruptor  
  69  7:27  Corruptor x2  
  69  7:29  Overseer  
  71  7:32  Overseer  
  67  7:42  Drone x8  
  76  7:51  Drone x4  
  76  7:56  Drone  
  76  7:57  Drone  
  81  8:03  Drone  
  82  8:08  Zerg Ground Armor Level 2  
  82  8:14  Overlord x2  
  82  8:15  Overlord x2  
  82  8:32  Zerg Melee Weapons Level 2  
  82  8:33  Mutalisk x3  
  82  8:34  Mutalisk x2  
  92  8:58  Mutalisk x4  
  100  9:06  Greater Spire  
  98  9:38  Zergling x16  
  85  9:39  Zergling x12  
  94  9:47  Zergling x2  
  95  10:43  Corruptor x4  
  95  10:44  Corruptor  
  105  10:51  Overlord x5  
  105  11:11  Hatchery  
  104  11:13  Zergling x2  
  104  11:14  Zergling x34  
  120  11:35  Brood Lord x6  
  120  11:36  Brood Lord  
  120  11:38  Corruptor  
  136  11:41  Overlord  
  136  11:42  Overlord x3  
  136  11:57  Zergling x2  
  136  11:59  Queen x3  
  143  12:09  Hydralisk Den  
  124  12:24  Zergling x2  
  124  12:25  Zergling x32  
  127  12:36  Mutalisk  
Show
View Real Time Build Order
Export as new Build Order

Infamous Protoss 

Build Orders:  

Get SALT Encoding   

  12  0:01  Probe  
  13  0:17  Pylon  
  13  0:20  Probe  
  14  0:32  Probe (Chrono Boost)  
  15  0:38  Gateway  
  15  0:44  Probe (Chrono Boost)  
  16  0:53  Probe (Chrono Boost)  
  17  1:00  Probe  
  17  1:04  Assimilator  
  18  1:13  Probe  
  19  1:26  Probe  
  20  1:36  Zealot (Chrono Boost)  
  22  1:40  Probe, Cybernetics Core  
  23  1:50  Assimilator  
  23  1:57  Pylon  
  23  2:14  Warp Gate (Chrono Boost)  
  23  2:24  Robotics Facility  
  23  2:56  Gateway  
  23  2:57  Gateway, Stalker  
  25  3:08  Warp Prism (Chrono Boost)  
  27  3:15  Probe  
  28  3:28  Probe  
  29  4:13  Pylon, Sentry  
  31  4:28  Immortal (Chrono Boost)  
  35  4:33  Pylon  
  35  4:34  Sentry  
  35  4:35  Stalker  
  39  4:46  Forge  
  39  4:51  Probe  
  40  4:55  Pylon, Stalker  
  40  4:57  Adept  
  40  4:59  Adept  
  46  5:03  Pylon  
  46  5:14  Immortal  
  50  5:18  Stalker  
  50  5:19  Adept  
  54  5:58  Pylon  
  54  6:00  Nexus  
  54  6:06  Probe  
  55  6:20  Robotics Bay  
  55  6:21  Gateway  
  55  6:36  Gateway  
  55  6:50  Robotics Facility  
  55  7:04  Stargate  
  55  7:30  Extended Thermal Lance  
  55  7:33  Colossus  
  61  7:50  Stalker x2  
  61  7:51  Stalker  
  68  7:59  Probe (Chrono Boost)  
  68  8:03  Probe (Chrono Boost)  
  69  8:11  Probe (Chrono Boost)  
  71  8:13  Probe (Chrono Boost)  
  71  8:20  Assimilator  
  71  8:24  Assimilator  
  71  8:31  Pylon  
  71  8:33  Shield Battery  
  77  8:38  Sentry  
  77  8:39  Stalker  
  81  8:41  Zealot x2  
  81  8:42  Colossus (Chrono Boost)  
  85  9:02  Colossus (Chrono Boost)  
  85  9:08  Protoss Ground Armor Level 1 (Chrono Boost)  
  91  9:20  Phoenix  
  93  9:35  Pylon  
  93  9:42  Pylon  
  91  9:53  Stalker x2  
  91  9:56  Sentry  
  89  10:27  Photon Cannon  
  88  10:50  Sentry x3  
  94  11:08  Photon Cannon  
  94  11:12  Shield Battery  
  92  11:31  Stalker  
  94  11:33  Sentry x2  
  98  12:06  Shield Battery  
  99  12:08  Probe (Chrono Boost)  
  99  12:09  Probe (Chrono Boost)  
  100  12:18  Probe x2 (Chrono Boost)  
  50  12:55  Stalker  
  50  12:56  Stalker x4  
  42  13:23  Zealot x3  
  42  13:24  Zealot x2  
Tags
 
Add a new tag
Caveats
  • Supply blocks, unpowered buildings, or Contaminate may cause inaccurate times.
  • Supply counts are checked every 10 seconds.